AoeStats
← Cyo Electryx

Oasis

509774561Analyzed
3v3 RM · 6d ago on Sep 28, 2026· 34m 33s· 6 players
Game mode
Random Map
Map size
Normal (6 player)
Population
200
Speed
Normal
Resources
Standard
Victory
Conquest
Starting age
Dark Age
Ending age
Imperial Age
RankedLock teamsTeams togetherTeam positionsShared explorationLock speedFull tech treeHidden civsTurbo modeCheats
Victory
Defeat
🇲🇽 Muisca · Mexico
1277
+12
🇲🇽 Portuguese · Mexico
1222
+14
🇨🇦 Goths · Canada
1208
+14
🇨🇱 Khmer · Chile
1203
-14
🇨🇱 Saracens · Chile
1198
-14
🇨🇱 Persians · Chile
1133
-12
Loki_GT
0:27 Loom
11:38 Feudal Age
16:17 Castle Age
14:51 Double-Bit Axe
14:47 Horse Collar
15:20 Forging
16:17 Scale Mail Armor
17:15 Pikeman
25:42 Bow Saw
25:34 Heavy Plow
25:43 Stone Mining
28:50 Wheelbarrow
28:22 Man-at-Arms
29:02 Squires
29:33 Gold Mining
29:41 Long Swordsman
35:54 Imperial Age
33:42 Hand Cart
34:42 Anarchy
Avila1997
5:01 Loom
10:49 Feudal Age
10:56 Champi Runner
11:28 Double-Bit Axe
15:02 Forging
16:38 Scale Mail Armor
21:52 Castle Age
22:06 Fletching
22:08 Crossbowman
22:43 Bodkin Arrow
26:23 Imperial Age
24:17 Ballistics
24:45 Bow Saw
24:37 Padded Archer Armor
24:32 Gold Mining
26:45 Arbalester
28:22 Thumb Ring
28:20 Bracer
29:49 Horse Collar
34:32 Chemistry
33:33 Padded Archer Armor
33:34 Heavy Plow
34:43 Two-Man Saw
Cyo Electryx
2:31 Loom
12:03 Feudal Age
16:57 Castle Age
15:36 Double-Bit Axe
17:24 Fletching
17:04 Elite Skirmisher
18:39 Bodkin Arrow
24:23 Padded Archer Armor
24:44 Town Watch
27:53 Leather Archer Armor
29:52 Horse Collar
32:29 Ballistics
Rosa Mélano
5:28 Loom
8:18 Feudal Age
10:44 Double-Bit Axe
16:22 Forging
19:19 Fletching
26:45 Castle Age
25:25 Gold Mining
26:36 Horse Collar
28:06 Bow Saw
28:16 Bodkin Arrow
29:45 Gold Shaft Mining
Larry Kapija
5:43 Loom
8:44 Feudal Age
10:46 Double-Bit Axe
19:23 Castle Age
18:09 Bloodlines
18:12 Horse Collar
18:24 Gold Mining
19:47 Wheelbarrow
23:15 Husbandry
23:24 Scale Barding Armor
24:14 Forging
25:38 Chain Barding Armor
27:59 Iron Casting
36:34 Imperial Age
Teórico
7:04 Loom
9:58 Feudal Age
11:23 Double-Bit Axe
14:46 Wheelbarrow
14:03 Fletching
16:30 Padded Archer Armor
18:13 Horse Collar
22:43 Castle Age
21:24 Gold Mining
21:53 Scale Barding Armor
22:59 Bloodlines
23:08 Crossbowman
24:36 Bodkin Arrow
26:09 Bow Saw
29:47 Thumb Ring
31:05 Chain Barding Armor
Connection lost

Rejoining the realm…

Still unreachable

The connection could not be restored.

Session expired

The server has moved on; the page needs a fresh start.